 Dungeon Crawl Stone Soup version 0.31-a0-232-gb1c03b2570 (webtiles) character file.

Game seed: 12830386538202996578

40 qw the Shooter (level 3, -4/29 HPs)
             Began as a Minotaur Hexslinger on July 7, 2023.
             Slain by a worm (5 damage)
             ... on level 2 of the Dungeon.
             The game lasted 00:00:23 (809 turns).

qw the Shooter (Minotaur Hexslinger)                 Turns: 809, Time: 00:00:24

Health: -4/29      AC:  2    Str: 12    XL:     3   Next: 30%
Magic:  3/3        EV: 12    Int: 10    God:
Gold:   73         SH:  0    Dex: 14    Spells: 3/4 levels left

rFire   . . .        Y - +1 sling
rCold   . . .        (no shield)
rNeg    . . .        c - +0 robe
rPois   .            (helmet restricted)
rElec   .            (no cloak)
rCorr   .            (no gloves)
SInv    .            (no boots)
Will    .....        (no amulet)
Stlth   +            (no ring)
HPRegen 0.24/turn    (no ring)
MPRegen 0.08/turn

%: no passive effects
@: no status effects
A: horns 2, retaliatory headbutt
a: no special abilities


You were on level 2 of the Dungeon.
You visited 1 branch of the dungeon, and saw 2 of its levels.

You collected 73 gold pieces.


Innate Abilities, Weirdness & Mutations

You have a pair of horns on your head.
You reflexively headbutt those who attack you in melee.


   Skills:
 - Level 2.0 Fighting
 + Level 3.8 Ranged Weapons
 - Level 2.1 Dodging
 - Level 1.0 Spellcasting
 - Level 2.0 Hexes


You had 3 spell levels left.
You knew the following spells:

 Your Spells              Type           Power      Damage    Failure   Level
a - Slow                  Hex            16%        N/A       16%         1

Your spell library contained the following spells:

 Spells                   Type           Power      Damage    Failure   Level
 Inner Flame              Hex/Fire       2%         N/A       56%         3
 Portal Projectile        Hex/Tloc       4%         N/A       56%         3
 Cause Fear               Hex            2%         N/A       83%         4

Inventory:

Hand Weapons
 Y - a +1 sling (weapon)
Armour
 c - a +0 robe (worn)
Jewellery
 b - a ring of willpower
Scrolls
 a - a scroll of amnesia {unknown}
 d - a scroll of enchant armour {unknown}
Potions
 e - 2 potions of haste
 f - a potion of heal wounds {unknown}

Dungeon Overview and Level Annotations

Branches:
Dungeon (2/15)

Altars:


Message History

The worm is heavily wounded.
A ball python comes into view.
You shoot a sling bullet. The ball python hisses angrily.
The sling bullet hits the worm but does no damage.
The worm is heavily wounded.
A bat comes into view.
You shoot a sling bullet.
The sling bullet barely misses the worm.
You shoot a sling bullet. The sling bullet barely misses the bat.
The bat hits you but does no damage.
You shoot a sling bullet. The sling bullet hits the bat!
You kill the bat!
You shoot a sling bullet.
The sling bullet hits the ball python but does no damage.
The ball python bites you. The ball python closely misses you.
You shoot a sling bullet.
The sling bullet hits the worm but does no damage.
The worm is moderately wounded.
The ball python closely misses you. The ball python grabs you.
The ball python constricts you. The ball python closely misses you.
The ball python constricts you.
You shoot a sling bullet.
The sling bullet barely misses the ball python.
The worm bites you! The ball python closely misses you.
The ball python constricts you.
You shoot a sling bullet.
The sling bullet closely misses the ball python.
The ball python bites you. The ball python constricts you. The worm bites you!
The ball python closely misses you. The ball python constricts you.
You shoot a sling bullet. The sling bullet hits the ball python.
The ball python is heavily wounded.
The ball python barely misses you. The ball python constricts you.
The worm bites you.
You shoot a sling bullet. The sling bullet hits the ball python.
You kill the ball python!
You shoot a sling bullet.
The sling bullet barely misses the worm.
The worm bites you.
You die...

## #......$# ...#
#....... ...# ###..#.#.#
...# ........# #...#
##......# ##...##
.#.#...##..#### #%.....
.........#....####......
....(.$@...#............
...#...w......####....>.
#$$._.........# #......
#.##.#.....##.# #......
. ...#..##)##.# #......
......%......# ##.....
.#.........#### #.....
...+.##.#.# ###..## ....
#......


You could see a worm.

Vanquished Creatures
  A worm (D:2)
  2 endoplasms
  3 goblins (D:1)
  5 hobgoblins (D:1)
  4 jackals (D:1)
  5 ball pythons
  4 bats
  4 frilled lizards
  4 kobolds (D:1)
  2 rats (D:2)
34 creatures vanquished.

Notes
Turn   | Place    | Note
-------+----------+-------------------------------------------
     0 | D:1      | qw the Minotaur Hexslinger began the quest for the Orb.
     0 | D:1      | Reached XP level 1. HP: 16/16 MP: 1/1
     0 | D:1      | 0 ||| qw: Version: 0.3-a-46-gb1f654a
     0 | D:1      | 0 ||| qw: Game counter: 2495
     0 | D:1      | 0 ||| qw: Melee chars always use a shield: true
     0 | D:1      | 0 ||| qw: God list: Okawaru
     0 | D:1      | 0 ||| qw: Allow faded altars: false
     0 | D:1      | 0 ||| qw: Do Orc after clearing Dungeon:15 true
     0 | D:1      | 0 ||| qw: Do second Lair branch before Depths: true
     0 | D:1      | 0 ||| qw: Lair rune preference: random
     0 | D:1      | 0 ||| qw: Goals: Normal
     0 | D:1      | 0 ||| PLANNING D:1-11
   146 | D:1      | Reached skill level 3 in Ranged Weapons
   149 | D:1      | Reached XP level 2. HP: 23/23 MP: 2/2
   526 | D:1      | Reached XP level 3. HP: 29/29 MP: 3/3
   593 | D:1      | 593 ||| READING scroll labelled AMYISO VIFIU.
   594 | D:1      | 594 ||| READING scroll labelled QYTOOJOIMU.
   595 | D:1      | 595 ||| DRINKING 3 sedimented white potions.
   596 | D:1      | 596 ||| DROPPING scroll of poison.
   782 | D:2      | Found a faded altar of an unknown god.
   807 | D:2      | HP: 7/29 [constriction (1)]
   807 | D:2      | HP: 1/29 [worm (6)]
   809 | D:2      | Slain by a worm

Levels and vault maps discovered:
D:1:      moated_graveyard_arrival, layout_basic
D:2:      layout_loops_cross, hellmonk_ecumenical_altar_blasted,
          ebering_dispersal_statue_hall, minmay_shallow_snake_nest

Skill      XL: |  1  2 |
---------------+-------+-----
Ranged Weapons | 3 |  3.8
Fighting       | 2 |  2.0
Dodging        | |  2.1
Spellcasting   | |  1.0
Hexes          | |  2.0

Action                     || total
---------------------------++-------
   Fire: Sling             ||    95
    Use: Scroll            ||     2
         Potion            ||     1
 Armour: Robe              ||    12
  Dodge: Dodged            ||    21

Table legend:
 A = Non-vault XP
 B = Vault XP
 C = Vault XP percentage of total XP
 D = Non-vault monster count
 E = Vault monster count
 F = Vault count percentage of total count
                 A         B        C        D         E       F
            +---------+---------+-------+---------+---------+-------
      Total |      58 |       0 |   0.0 |      34 |       0 |   0.0
            +---------+---------+-------+---------+---------+-------
        D:1 |      41 |       0 |   0.0 |      25 |       0 |   0.0
        D:2 |      17 |       0 |   0.0 |       9 |       0 |   0.0
            +---------+---------+-------+---------+---------+-------
